 Dungeon Crawl Stone Soup version 0.21.1-1-g345015fe64 (webtiles) character file.

56069 Htamos the Bludgeoner (level 14, -12/129 HPs)
             Began as a Minotaur Berserker on June 14, 2018.
             Was a High Priest of Trog.
             Mangled by an ettin
             ... wielding a +0 dire flail
              (24 damage)
             ... on level 1 of the Depths.
             The game lasted 01:19:31 (19336 turns).

Htamos the Bludgeoner (Minotaur Berserker)         Turns: 19336, Time: 01:19:32

Health: -12/129    AC: 28    Str: 26    XL:     14   Next: 40%
Magic:  22/22      EV: 10    Int:  4    God:    Trog [*****.]
Gold:   1972       SH:  0    Dex: 11    Spells: 13/13 levels left

rFire    + + .     SeeInvis .   i - +8 eveningstar (protect)
rCold    + . .     Gourm    .   (no shield)
rNeg     . . .     Faith    .   t - +5 plate armour of Circular Logic {+Inv +Fly rF+ Stlth+}
rPois    .         Spirit   .   (helmet restricted)
rElec    .         Reflect  .   U - +1 cloak
rCorr    .         Harm     .   (no gloves)
MR       +....                  T - +0 pair of boots
Stlth    ..........             (no amulet)
HPRegen  0.31/turn              G - ring "Tiannaorph" {rF+ rC+ MP+9}
MPRegen  0.18/turn              W - +2 ring of protection

@: slowed, very slow
A: retaliatory headbutt, horns 2
a: Berserk, Trog's Hand, Brothers in Arms, Burn Spellbooks, Renounce Religion,
Evoke Invisibility, Evoke Flight


You were on level 1 of the Depths.
You worshipped Trog.
Trog was extremely pleased with you.
You were very hungry.

You visited 2 branches of the dungeon, and saw 16 of its levels.
You also visited: Sewer.

You collected 2312 gold pieces.
You spent 340 gold pieces at shops.

Inventory:

Hand Weapons
 a - a +0 mace
 d - a cursed +1 dire flail of freezing
 i - a +8 eveningstar of protection (weapon)
 j - a +5 executioner's axe
 s - a +1 morningstar of flaming
 D - the +2 great mace "Kextiot" {protect, rC+}
   (Trog gifted it to you on level 14 of the Dungeon)

   It protects the one who uses it against injury (+AC on strike).
   It protects you from cold.
 L - a +0 flail of crushing
 M - a +2 mace of crushing
 S - a +4 flail
Missiles
 B - a throwing net
 H - 23 tomahawks
 P - 15 javelins of penetration (quivered)
Armour
 f - a +0 buckler
 t - the +5 plate armour of Circular Logic (worn) {+Inv +Fly rF+ Stlth+}
   (You took it off an orc priest on level 12 of the Dungeon)

   It protects you from fire.
   It lets you turn invisible.
   It lets you fly.
   It makes you more stealthy.
 R - a +4 plate armour
 T - a +0 pair of boots (worn)
 U - a +1 cloak (worn)
Magical Staves
 Q - an uncursed staff of power
 X - an uncursed staff of cold {unknown}
Jewellery
 e - an uncursed ring of ice
 g - an uncursed ring of magical power
 n - a +3 ring of strength {unknown}
 x - an uncursed ring of poison resistance
 A - an uncursed amulet of regeneration {unknown}
 E - a +3 amulet of reflection {unknown}
 G - the ring "Tiannaorph" (left hand) {rF+ rC+ MP+9}
   (You found it on level 4 of the Dungeon)

   [ring of magical power]

   It protects you from fire.
   It protects you from cold.
   It affects your magic capacity (+9).
 I - an uncursed ring of ice
 V - an uncursed ring of magical power
 W - a +2 ring of protection (right hand)
Wands
 b - a wand of digging (12)
 h - a wand of polymorph (21)
 p - a wand of flame (30)
 J - a wand of acid (29)
 N - a wand of paralysis (27)
Scrolls
 k - 12 scrolls of remove curse
 o - a scroll of acquirement {unknown}
 r - 2 scrolls of noise
 y - 5 scrolls of teleportation {unknown}
 z - a scroll of magic mapping {unknown}
 C - a scroll of fog {unknown}
 K - a scroll of random uselessness {unknown}
 Y - 7 scrolls of identify
 Z - 2 scrolls of immolation {unknown}
Potions
 l - 2 potions of haste
 m - a potion of might {unknown}
 q - 11 potions of curing
 u - 2 potions of cancellation {unknown}
 v - 5 potions of magic
 w - 4 potions of berserk rage {unknown}
 F - 4 potions of flight
 O - a potion of brilliance {unknown}
Comestibles
 c - 21 rations


   Skills:
 * Level 13.5 Fighting
 - Level 0.2(12.6) Axes
 + Level 18.6 Maces & Flails
 + Level 15.0 Armour
 + Level 5.4 Dodging
 + Level 9.8 Shields


You had 13 spell levels left.
You didn't know any spells.

Dungeon Overview and Level Annotations

Branches:
Dungeon (15/15)            Temple (0/1) D:4            Lair (0/6) D:10
    Orc (0/2) D:12         Vaults (0/5) D:13         Depths (1/5) D:15

Altars:
Ashenzari
Dithmenos
Elyvilon
Fedhas
Makhleb
Uskayaw
Zin
The Shining One

Shops:
D:8 [}[   D:10 !=!   D:11 *


Innate Abilities, Weirdness & Mutations

You reflexively headbutt those who attack you in melee.
You have a pair of horns on your head.


Message History

Your deep troll rages.
You climb downwards.
Welcome back to the Depths!
Your summoned ally is left behind.
The ogre closely misses you. The ogre misses you.
The two-headed ogre hits you but does no damage. x2
The ettin barely misses you. You furiously retaliate!
You headbutt the ettin, but do no damage.
The ettin hits you with a dire flail!! The ogre hits you but does no damage.
The sphinx hits you!
* * * LOW HITPOINT WARNING * * *
The sphinx hits you but does no damage. The sphinx misses you.
The ogre closely misses you.
The two-headed ogre hits you with a giant spiked club.
* * * LOW HITPOINT WARNING * * *
The two-headed ogre completely misses you.
There is a staircase back to the Dungeon, spattered with blood here.
The ettin hits you with a dire flail!!
* * * LOW HITPOINT WARNING * * *
The ettin hits you with a dire flail!!
You die...

###..# #....## #
#.....##./#
##........#
##..#[....##
#...###..O..#
####....#...H..# ##.
#O#......>...O.#
#....#@H##.......O...
#..D.OCO.#.....##....
#......##......##
#... ....... ........
....... .........
....... .........
....... .........
....... .......
.......


You could see an ice dragon, a sphinx, an ettin, a two-headed ogre and 2 ogres.

Vanquished Creatures
  The ghost of Bapho the Bludgeoner, an adept GrMo of Okawaru (D:15)
  A fire giant (D:15)
  A fire dragon (D:9)
  A hydra (D:8)
  The ghost of raetorn the Thaumaturge, a journeyman GnSk of Okawaru (D:10)
  An ice dragon (D:13)
  3 centaur warriors
  An ogre mage (D:12)
  11 two-headed ogres
  4 tengu warriors
  A shock serpent (shapeshifter) (D:12)
  A glowing orange brain (Depths:1)
  3 skeletal warriors (D:12)
  An unseen horror (D:15)
  A wizard (D:12)
  2 wolf spider zombies
  An orc knight (D:12)
  2 deep elf magi
  A wolf spider (D:12)
  15 ugly things
  7 cyclopes
  3 manticores
  A centaur zombie (D:14)
  3 gargoyles (D:12)
  A spiny frog (shapeshifter) (D:14)
  A komodo dragon (D:12)
  A freezing wraith (D:12)
  A kobold demonologist (D:12)
  2 efreet
  A komodo dragon (shapeshifter) (D:14)
  A tengu conjurer (D:15)
  4 trolls
  6 meliai
  2 dream sheep (D:8)
  A meliai zombie (D:12)
  6 hippogriffs
  Sigmund (D:6)
  24 yaks
  A centaur simulacrum (D:12)
  A shadow (D:15)
  A wyvern (D:12)
  A water elemental (D:12)
  A human (shapeshifter) (D:13)
  A basilisk (D:13)
  3 fire elementals (D:14)
  2 hungry ghosts
  Edmund (D:6)
  2 acid dragons
  A water moccasin (D:5)
  2 hell hounds
  9 orc warriors
  2 eyes of draining (D:12)
  5 sky beasts
  A black bear (D:7)
  9 ice beasts
  2 phantoms
  5 ogres
  A necrophage (D:15)
  9 centaurs
  A boggart (D:12)
  6 big kobolds
  11 bullfrogs
  A crocodile (D:11)
  A wyvern zombie (D:13)
  3 wyvern skeletons
  3 scorpions
  3 killer bees (D:10)
  14 wights
  2 electric eels
  A howler monkey (D:5)
  2 bullfrog zombies
  9 crimson imps
  A quasit (D:10)
  3 jellies
  16 orc wizards
  3 bullfrog skeletons
  11 orc priests
  6 hounds
  6 iguanas
  3 centaur skeletons
  8 worker ants
  3 hound zombies
  2 worker ant zombies
  A howler monkey zombie (D:7)
  8 gnolls
  14 adders
  3 river rats (D:6)
  7 shadow imps
  An ooze (D:7)
  2 adder skeletons
  2 worms
  A dart slug (D:1)
  7 leopard geckos
  64 orcs
  7 giant cockroaches
  6 goblins
  3 hobgoblins
  22 jackals
  2 quokkas
  6 ball pythons
  8 bats
  4 frilled lizards
  23 kobolds
  A leopard gecko skeleton (D:6)
  A quokka skeleton (D:6)
  7 rats
  6 plants (Sewer)
504 creatures vanquished.

Vanquished Creatures (collateral kills)
  A sphinx (D:15)
  Azrael (D:14)
  A two-headed ogre (D:15)
3 creatures vanquished.

Vanquished Creatures (others)
  A bullfrog (D:12)
  A plant (Sewer)
2 creatures vanquished.

Grand Total: 509 creatures vanquished

Notes
Turn   | Place    | Note
-------+----------+-------------------------------------------
     0 | D:1      | Htamos the Minotaur Berserker began the quest for the Orb.
     0 | D:1      | Reached XP level 1. HP: 19/19 MP: 0/0
    94 | D:1      | You fall through a shaft!
   353 | D:1      | Reached XP level 2. HP: 27/27 MP: 1/1
   376 | D:1      | Reached skill level 4 in Maces & Flails
  1498 | D:2      | Reached XP level 3. HP: 18/33 MP: 2/2
  2045 | D:3      | Reached ** piety under Trog
  2270 | D:3      | Reached XP level 4. HP: 35/41 MP: 3/3
  2357 | D:3      | Reached skill level 5 in Maces & Flails
  2360 | D:3      | Reached XP level 5. HP: 24/47 MP: 4/4
  2986 | D:4      | Found a staircase to the Ecumenical Temple.
  3027 | D:4      | Noticed an ogre
  3034 | D:4      | Killed an ogre
  3034 | D:4      | Reached skill level 6 in Maces & Flails
  3034 | D:4      | Reached skill level 1 in Shields
  3034 | D:4      | Reached XP level 6. HP: 38/55 MP: 5/5
  3403 | D:4      | Reached *** piety under Trog
  3488 | D:4      | Got a slimy bronze ring
  3491 | D:4      | Identified the ring "Tiannaorph" {rF+ rC+ MP+9} (You found it on level 4 of the Dungeon)
  3834 | D:5      | Entered Level 5 of the Dungeon
  4025 | D:4      | Reached skill level 7 in Maces & Flails
  4087 | D:5      | Noticed an ice beast
  4090 | D:4      | Reached skill level 5 in Fighting
  4102 | D:4      | Reached XP level 7. HP: 56/61 MP: 6/6
  4613 | D:5      | Reached skill level 8 in Maces & Flails
  4639 | D:5      | Found a shattered altar of Ashenzari.
  4639 | D:5      | Found a shadowy altar of Dithmenos.
  4639 | D:5      | Found a glowing silver altar of Zin.
  4639 | D:5      | Found a hide-covered altar of Uskayaw.
  4699 | D:5      | Reached skill level 5 in Armour
  4921 | D:5      | Reached XP level 8. HP: 69/69 MP: 7/7
  5122 | D:5      | Reached skill level 9 in Maces & Flails
  5229 | D:6      | Noticed Sigmund
  5245 | D:6      | Reached **** piety under Trog
  5384 | D:6      | Killed Sigmund
  5407 | D:6      | Noticed Edmund
  5416 | D:6      | Killed Edmund
  5499 | D:6      | Reached skill level 10 in Maces & Flails
  5740 | D:6      | Found a glowing drain.
  5744 | Sewer    | Entered a sewer
  6571 | D:6      | Found a burning altar of Makhleb.
  7012 | D:6      | Reached XP level 9. HP: 78/78 MP: 8/8
  7199 | D:7      | Received a gift from Trog
  7287 | D:7      | Reached skill level 11 in Maces & Flails
  7421 | D:7      | Reached ***** piety under Trog
  7747 | D:8      | Found a blossoming altar of Fedhas.
  7839 | D:8      | Reached skill level 12 in Maces & Flails
  8097 | D:8      | Noticed a three-headed hydra
  8109 | D:8      | Killed a three-headed hydra
  8109 | D:8      | Reached XP level 10. HP: 34/88 MP: 9/9
  8384 | D:8      | Found Qiezirub's Armour Shoppe.
  8750 | D:8      | Found Vuzxumaf's Gadget Shop.
  8780 | D:8      | Found Dinguoq's Antique Armour Shoppe.
  8802 | D:8      | Bought a runed cloak for 210 gold pieces
  8940 | D:9      | Reached skill level 13 in Maces & Flails
  9569 | D:9      | Noticed a fire dragon
  9611 | D:9      | Killed a fire dragon
  9611 | D:9      | Reached skill level 10 in Armour
  9611 | D:9      | Reached skill level 5 in Shields
  9857 | D:9      | Identified Sif Muna's Incunabulum of Dusty Flight
 10043 | D:10     | Entered Level 10 of the Dungeon
 10043 | D:10     | Noticed a two-headed ogre
 10093 | D:10     | Found Hehupeo's Jewellery Boutique.
 10097 | D:10     | Found Zumeuxergh's Distillery.
 10131 | D:10     | Killed a two-headed ogre
 10145 | D:10     | Bought a +2 ring of protection for 130 gold pieces
 10236 | D:10     | Found Ukhloukh's Distillery.
 10271 | D:10     | Found a staircase to the Lair.
 10274 | D:10     | Noticed raetorn's ghost (journeyman GnSk)
 10557 | D:10     | Killed raetorn's ghost
 10557 | D:10     | Reached XP level 11. HP: 61/95 MP: 10/10
 10912 | D:10     | Noticed a two-headed ogre
 10913 | D:10     | Noticed a two-headed ogre
 10922 | D:10     | Killed a two-headed ogre
 10935 | D:10     | Killed a two-headed ogre
 10935 | D:10     | Reached skill level 14 in Maces & Flails
 11138 | D:11     | Noticed a red ugly thing
 11150 | D:11     | Killed a red ugly thing
 11827 | D:11     | Reached ****** piety under Trog
 11827 | D:11     | Received a gift from Trog
 11849 | D:11     | Found Ocrabb's General Store.
 12002 | D:11     | Noticed a two-headed ogre
 12013 | D:11     | Killed a two-headed ogre
 12013 | D:11     | Reached skill level 5 in Dodging
 12372 | D:11     | Noticed a two-headed ogre
 12378 | D:11     | Killed a two-headed ogre
 12440 | D:12     | Noticed a two-headed ogre
 12454 | D:12     | Found a staircase to the Orcish Mines.
 12464 | D:12     | Killed a two-headed ogre
 12464 | D:12     | Reached skill level 15 in Maces & Flails
 12464 | D:12     | Reached XP level 12. HP: 103/103 MP: 11/11
 12703 | D:12     | Noticed a tengu warrior
 12714 | D:12     | Killed a tengu warrior
 12769 | D:12     | Noticed a centaur warrior
 13126 | D:12     | Killed a centaur warrior
 13178 | D:12     | Noticed a centaur warrior
 13191 | D:12     | Killed a centaur warrior
 13344 | D:12     | Reached skill level 16 in Maces & Flails
 13352 | D:12     | Noticed a two-headed ogre
 13360 | D:12     | Killed a two-headed ogre
 13738 | D:12     | Got a jewelled plate armour
 13776 | D:12     | Identified the +5 plate armour of Circular Logic {+Inv +Fly rF+ Stlth+} (You took it off an orc priest on level 12 of the Dungeon)
 13795 | D:12     | Noticed a two-headed ogre
 13811 | D:12     | Killed a two-headed ogre
 13888 | D:12     | Reached skill level 17 in Maces & Flails
 13926 | D:12     | Reached XP level 13. HP: 81/108 MP: 12/12
 13931 | D:12     | Paralysed by an orc warrior for 4 turns
 14016 | D:12     | Received a gift from Trog
 14792 | D:12     | Reached skill level 10 in Fighting
 15942 | D:13     | Found a gate to the Vaults.
 16925 | D:14     | Reached skill level 18 in Maces & Flails
 17079 | D:14     | Received a gift from Trog
 17093 | D:14     | Got a shimmering great mace {god gift}
 17094 | D:14     | Identified the +2 great mace "Kextiot" {protect, rC+} (Trog gifted it to you on level 14 of the Dungeon)
 17515 | D:15     | Entered Level 15 of the Dungeon
 17549 | D:15     | Found a glowing golden altar of the Shining One.
 17559 | D:15     | Reached XP level 14. HP: 95/127 MP: 13/13
 17599 | D:15     | Noticed Bapho's ghost (adept GrMo)
 17678 | D:15     | Killed Bapho's ghost
 18036 | D:15     | Noticed Azrael
 18175 | D:14     | Killed Azrael
 18574 | D:15     | Noticed a fire giant
 18576 | D:15     | Found a staircase to the Depths.
 18982 | D:15     | Found a white marble altar of Elyvilon.
 19029 | D:15     | Killed a fire giant
 19052 | Depths:1 | Entered Level 1 of the Depths
 19150 | D:15     | Reached skill level 15 in Armour
 19310 | Depths:1 | Noticed a sphinx
 19311 | Depths:1 | Noticed a sphinx
 19313 | Depths:1 | Paralysed by a sphinx for 2 turns
 19318 | Depths:1 | Paralysed by a sphinx for 7 turns
 19331 | D:15     | Killed a sphinx
 19336 | Depths:1 | Mangled by an ettin

Skill      XL: |  1  2  3  4  5  6  7  8  9 10 11 12 13 14 |
---------------+-------------------------------------------+-----
Maces & Flails | 4 5 6 7 8 10 12 13 15 17 18 | 18.6
Fighting       | 4 5 6 8 12 13 | 13.5
Armour         | 3 5 6 8 10 12 13 14 15 | 15.0
Dodging        | 3 4 5 |  5.4
Shields        | 1 2 3 6 7 9 |  9.8
Axes           | |  0.2

Action                   |  1- 3 |  4- 6 |  7- 9 | 10-12 | 13-15 || total
-------------------------+-------+-------+-------+-------+-------++-------
Melee: Mace              |    29 |       |   270 |   267 |       ||   566
       Headbutt          |    11 |    16 |    77 |   141 |    94 ||   339
       Hand axe          |    41 |       |       |       |       ||    41
       Morningstar       |    20 |   112 |   121 |   114 |       ||   367
       Staff             |       |       |       |     9 |       ||     9
       Eveningstar       |       |       |       |   299 |   305 ||   604
       Great mace        |       |       |       |       |    81 ||    81
Throw: Javelin           |       |       |       |    14 |       ||    14
       Throwing net      |       |       |       |     1 |       ||     1
Invok: Burn Spellbooks   |       |     1 |     1 |     4 |     1 ||     7
       Brothers in Arms  |       |       |       |       |     2 ||     2
Evoke: Wand              |       |       |       |     7 |     2 ||     9
  Use: Scroll            |     5 |       |    11 |     8 |     1 ||    25
       Potion            |       |       |       |     8 |       ||     8
  Eat: Chunk             |     4 |     6 |    13 |     7 |    12 ||    42
       Ration            |       |       |       |     5 |     1 ||     6
Armor: Animal skin       |    19 |       |       |       |       ||    19
       Leather armour    |     2 |     1 |       |       |       ||     3
       Chain mail        |       |    44 |   100 |       |       ||   144
       Plate armour      |       |       |    36 |   430 |   299 ||   765
       Skin              |       |       |       |    17 |       ||    17
Dodge: Dodged            |    69 |    48 |   122 |   216 |   154 ||   609
Block: Buckler           |    12 |    18 |    35 |       |       ||    65
